 Dungeon Crawl Stone Soup version 0.27-a0-92-g39ad13b146 (webtiles) character file.

Game seed: 227557220980786149

74 kae the Insei (level 4, 0/27 HPs)
             Began as a Tengu Gladiator on Jan 15, 2021.
             Slain by a centaur (9 damage)
             ... on level 2 of the Dungeon.
             The game lasted 00:01:17 (1911 turns).

kae the Insei (Tengu Gladiator)                     Turns: 1911, Time: 00:01:18

Health: 0/27       AC:  3    Str: 15    XL:     4   Next: 30%
Magic:  5/5        EV: 14    Int:  8    God:
Gold:   43         SH:  0    Dex: 16    Spells: 3/3 levels left

rFire    . . .     SeeInvis .     - Unarmed
rCold    . . .     Faith    .   (no shield)
rNeg     . . .     Spirit   .   a - +0 leather armour
rPois    .         Reflect  .   b - +0 hat
rElec    .         Harm     .   (no cloak)
rCorr    .         Rampage  .   (no gloves)
Will     .....                  (boots unavailable)
Stlth    +.........             (no amulet)
HPRegen  0.09/turn              (no ring)
MPRegen  0.09/turn              (no ring)

@: lethally poisoned (0 -> -7)
A: beak, talons 3
a: no special abilities


You were on level 2 of the Dungeon.
You visited 1 branch of the dungeon, and saw 2 of its levels.

You collected 43 gold pieces.

Inventory:

Missiles
 c - 4 throwing nets (quivered)
Armour
 a - a +0 leather armour (worn)
 b - a +0 hat (worn)
Jewellery
 n - a +6 ring of intelligence {unknown}
Scrolls
 d - 2 scrolls of enchant armour {unknown}
 g - 3 scrolls of immolation {unknown}
 h - a scroll of fog {unknown}
 j - a scroll of enchant weapon {unknown}
 k - 2 scrolls of identify {unknown}
 l - a scroll of remove curse {unknown}
Potions
 f - a potion of haste {unknown}
 i - a potion of mutation {unknown}
 m - a potion of flight {unknown}


   Skills:
 + Level 2.7 Fighting
 - Level 2.0 Throwing
 + Level 3.9 Dodging
 * Level 4.5 Unarmed Combat


You had 3 spell levels left.
You didn't know any spells.
Your spell library was empty.

Dungeon Overview and Level Annotations

Branches:
Dungeon (2/15)

Altars:
Nemelex Xobeh


Innate Abilities, Weirdness & Mutations

You have a beak for a mouth.
You have claws for feet.


Message History

You see here an arrow.
The centaur shoots an arrow.
The arrow completely misses you.
You see here an arrow.
The centaur shoots an arrow.
The arrow closely misses you.
The centaur unwields a +0 shortbow.
The centaur hits you. The adder bites you.
You are poisoned.
The adder poisons you! The centaur hits you.
It was a potion of curing.
You feel better. The adder barely misses you. The centaur barely misses you.
You barely miss the centaur. The centaur misses you. The adder bites you.
The centaur closely misses you. The adder barely misses you.
You closely miss the centaur. The centaur closely misses you.
The adder misses you.
You closely miss the adder. The centaur hits you. The adder bites you.
You hit the adder. Your kick misses the adder.
The adder is lightly wounded.
The centaur closely misses you. The adder bites you.
You are poisoned.
The adder poisons you! The centaur hits you!
You die...

.........(.....
.........###.......# .#.##....#
#.......# ...####.## #.......#
.### #.# #.......# .######.#
#.......# .#......# #.......#
.#......# #...cS..# ........#
#....@..# .########
#......###########
..................((........#
.##########################.#
.........#.. ..# #.# .#######.#.#
#.# #.# .......#.#.# #.# #.#
.#####.#.#.############.###.#####
.# #...........................


You could see a centaur and an adder.

Vanquished Creatures
  A gnoll (D:2)
  An ooze (D:2)
  2 worms (D:2)
  3 dart slugs (D:1)
  2 leopard geckos
  2 giant cockroaches
  6 goblins
  3 hobgoblins
  6 jackals
  6 kobolds
  3 bats
  3 frilled lizards
  7 rats
45 creatures vanquished.

Notes
Turn   | Place    | Note
-------+----------+-------------------------------------------
     0 | D:1      | kae the Tengu Gladiator began the quest for the Orb.
     0 | D:1      | Reached XP level 1. HP: 12/12 MP: 2/2
     7 | D:1      | Noticed an electric eel
   235 | D:1      | Reached XP level 2. HP: 8/17 MP: 3/3
   601 | D:1      | Reached skill level 4 in Unarmed Combat
   601 | D:1      | Reached XP level 3. HP: 19/22 MP: 4/4
  1352 | D:2      | Found a faded altar of an unknown god.
  1359 | D:2      | Reached XP level 4. HP: 27/27 MP: 5/5
  1677 | D:2      | Found a sparkling altar of Nemelex Xobeh.
  1901 | D:2      | Noticed a centaur
  1911 | D:2      | Slain by a centaur

Illustrated notes

Levels and vault maps discovered:
D:1:      arrival_aquarium_a, layout_loops_ring
D:2:      layout_basic, tso_altar, nemelex_xobeh_ov_fountains_minmay,
          chequers_ecumenical_altar_island

Skill      XL: |  1  2 |
---------------+-------+-----
Unarmed Combat | 4 |  4.5
Fighting       | |  2.7
Throwing       | |  2.0
Dodging        | |  3.9

Action                   |  1- 3 |  4- 6 || total
-------------------------+-------+-------++-------
Melee: Unarmed           |    94 |    22 ||   116
       Kick              |    26 |     3 ||    29
       Peck              |    11 |     5 ||    16
  Use: Potion            |       |     1 ||     1
 Stab: Sleeping          |     1 |     1 ||     2
Armor: Leather armour    |    16 |     7 ||    23
Dodge: Dodged            |    66 |    24 ||    90

Table legend: (Time is in decaauts)
 A = Elapsed time spent in this place.
 B = Non-inter-level travel time spent in this place.
 C = Inter-level travel time spent in this place.
 D = Time resting spent in this place.
 E = Time spent auto-exploring this place.
 F = Levels seen in this place.
 G = Mean time per level.
                   A        B        C        D        E       F      G
               +--------+--------+--------+--------+--------+-----+--------+
         Total |   1908 |   1866 |     42 |     92 |   1432 |   2 |  954.0 |
       Dungeon |   1908 |   1866 |     42 |     92 |   1432 |   2 |  954.0 |
               +--------+--------+--------+--------+--------+-----+--------+

Top non-repeatable levels by time:
     D:1: 1174 daAuts
     D:2: 733 daAuts
